AoeStats
← alexmavrovic

Arena

509009934Analyzed
2v2 RM · 8d ago on Sep 25, 2026· 23m 37s· 4 players
Game mode
Random Map
Map size
Medium (4 player)
Population
200
Speed
Normal
Resources
Standard
Victory
Conquest
Starting age
Dark Age
Ending age
Imperial Age
RankedLock teamsTeams togetherTeam positionsShared explorationLock speedFull tech treeHidden civsTurbo modeCheats
Victory
Defeat
🇦🇷 Turks · Argentina
1172
+15
🇨🇦 Saxons · Canada
1108
+18
🇺🇸 Vikings · United States
1209
-19
🇺🇸 Teutons · United States
1098
-14
Choncho
9:53 Feudal Age
14:15 Castle Age
13:13 Double-Bit Axe
17:06 Loom
stretchy pants
10:42 Feudal Age
10:38 Loom
15:28 Castle Age
14:49 Forging
17:54 Scale Barding Armor
21:09 Gold Mining
ColoX
9:57 Feudal Age
11:49 Loom
14:21 Castle Age
12:47 Double-Bit Axe
16:12 Bow Saw
21:11 Scale Mail Armor
22:14 Chain Mail Armor
22:17 Forging
alexmavrovic
10:32 Feudal Age
11:17 Loom
15:20 Castle Age
21:35 Double-Bit Axe
21:55 Horse Collar
Connection lost

Rejoining the realm…

Still unreachable

The connection could not be restored.

Session expired

The server has moved on; the page needs a fresh start.